AoeStats
← B-Matt

Black Forest

510372363Analyzed
2v2 RM · 1d ago on Sep 30, 2026· 55m 33s· 4 players
Game mode
Random Map
Map size
Medium (4 player)
Population
200
Speed
Normal
Resources
Standard
Victory
Conquest
Starting age
Dark Age
Ending age
Imperial Age
RankedLock teamsTeams togetherTeam positionsShared explorationLock speedFull tech treeHidden civsTurbo modeCheats
Victory
Defeat
🇫🇷 Vietnamese · France
913
+14
🇨🇿 Teutons · Czechia
897
+15
🇭🇷 Bohemians · Croatia
874
-15
🇭🇷 Khmer · Croatia
872
-14
Hitman
0:26 Loom
14:08 Feudal Age
14:57 Man-at-Arms
20:29 Double-Bit Axe
23:04 Fletching
26:10 Castle Age
27:05 Fletching
26:53 Long Swordsman
30:11 Horse Collar
33:39 Bow Saw
35:40 Forging
36:07 Crossbowman
38:20 Ballistics
40:03 Squires
44:13 Imperial Age
43:02 Fervor
43:41 Wheelbarrow
44:55 Bodkin Arrow
46:37 Chemistry
45:43 Pikeman
48:57 Hand Cart
49:12 Masonry
48:50 Arbalester
49:31 Two-Handed Swordsman
52:01 Husbandry
53:51 Light Cavalry
55:04 Padded Archer Armor
B-Matt
0:31 Loom
14:41 Feudal Age
17:25 Castle Age
16:01 Double-Bit Axe
17:55 Bloodlines
17:32 Horse Collar
25:55 Bow Saw
26:07 Heavy Plow
30:27 Wheelbarrow
30:32 Husbandry
30:57 Tusk Swords
31:48 Fortified Wall
34:36 Ballistics
34:54 Crossbowman
39:52 Imperial Age
38:12 Fletching
38:22 Padded Archer Armor
38:33 Forging
39:45 Bodkin Arrow
39:53 Scale Mail Armor
41:05 Bracer
43:08 Hand Cart
43:34 Iron Casting
43:05 Scale Barding Armor
43:42 Crop Rotation
45:11 Onager
46:54 Conscription
46:53 Arbalester
47:58 Leather Archer Armor
47:35 Town Watch
50:49 Cavalier
52:40 Chain Barding Armor
53:21 Blast Furnace
Flrancis
7:53 Loom
12:12 Feudal Age
12:38 Man-at-Arms
18:33 Double-Bit Axe
18:30 Horse Collar
23:43 Castle Age
22:33 Fletching
22:45 Padded Archer Armor
24:04 Wheelbarrow
23:38 Gold Mining
25:04 Thumb Ring
24:20 Crossbowman
24:35 Pikeman
28:18 Elite Skirmisher
29:31 Squires
29:17 Arson
30:07 Hand Cart
29:38 Town Watch
30:29 Forging
30:20 Scale Mail Armor
31:10 Bow Saw
31:12 Bodkin Arrow
31:54 Iron Casting
32:16 Chain Mail Armor
36:25 Town Patrol
37:50 Heavy Plow
40:47 Imperial Age
39:32 Leather Archer Armor
39:43 Scale Barding Armor
39:39 Stone Mining
39:55 Chatras
40:50 Husbandry
41:00 Bloodlines
41:06 Caravan
40:53 Elite Fire Lancer
42:07 Plate Mail Armor
42:03 Imperial Skirmisher
43:07 Bracer
43:38 Ring Archer Armor
44:05 Ballistics
43:41 Murder Holes
44:47 Chemistry
44:12 Paper Money
46:14 Elite Battle Elephant
51:30 Elite Rattan Archer
52:48 Hoardings
poruba15
0:27 Loom
15:42 Feudal Age
17:07 Double-Bit Axe
17:05 Horse Collar
20:20 Castle Age
18:13 Stone Mining
21:59 Wheelbarrow
22:07 Stone Shaft Mining
21:54 Town Watch
22:12 Heavy Plow
22:30 Bow Saw
22:34 Fishing Lines
24:11 Hand Cart
24:01 Town Patrol
23:58 Gold Mining
28:36 Imperial Age
27:16 Bloodlines
31:00 Crop Rotation
31:35 Two-Man Saw
31:41 Conscription
33:44 Cavalier
36:00 Elite Teutonic Knight
39:26 Fletching
40:19 Bodkin Arrow
41:23 Forging
41:13 Scale Mail Armor
41:18 Scale Barding Armor
41:15 Padded Archer Armor
42:13 Ironclad
44:07 Chemistry
43:40 Ballistics
43:40 Chain Mail Armor
45:08 Chain Barding Armor
45:24 Iron Casting
46:06 Leather Archer Armor
46:21 Plate Mail Armor
Connection lost

Rejoining the realm…

Still unreachable

The connection could not be restored.

Session expired

The server has moved on; the page needs a fresh start.